 Dungeon Crawl Stone Soup version 0.31-a0-234-gad7ace16ef (webtiles) character file.

Game seed: 3087768221316358471

100 qw the Shooter (level 4, -5/36 HPs)
             Began as a Minotaur Hexslinger on July 9, 2023.
             Killed from afar by Ijyb (14 damage)
             ... with a puff of flame
             ... on level 3 of the Dungeon.
             The game lasted 00:00:32 (1797 turns).

qw the Shooter (Minotaur Hexslinger)                Turns: 1797, Time: 00:00:33

Health: -5/36      AC:  2    Str: 13    XL:     4   Next: 46%
Magic:  4/4        EV: 12    Int: 10    God:
Gold:   58         SH:  0    Dex: 14    Spells: 4/5 levels left

rFire   . . .        h - +1 sling (heavy)
rCold   + . .        (no shield)
rNeg    . . .        a - +0 robe {rC+}
rPois   .            (helmet restricted)
rElec   .            (no cloak)
rCorr   .            (no gloves)
SInv    .            (no boots)
Will    .....        (no amulet)
Stlth   +            (no ring)
HPRegen 0.26/turn    (no ring)
MPRegen 0.09/turn

%: no passive effects
@: no status effects
A: horns 2, retaliatory headbutt
a: no special abilities


You were on level 3 of the Dungeon.
You visited 1 branch of the dungeon, and saw 3 of its levels.

You collected 58 gold pieces.


Innate Abilities, Weirdness & Mutations

You have a pair of horns on your head.
You reflexively headbutt those who attack you in melee.


   Skills:
 + Level 2.0 Fighting
 - Level 5.0 Ranged Weapons
 - Level 2.1 Dodging
 - Level 1.0 Spellcasting
 - Level 2.0 Hexes


You had 4 spell levels left.
You knew the following spells:

 Your Spells              Type           Power      Damage    Failure   Level
a - Slow                  Hex            16%        N/A       16%         1

Your spell library contained the following spells:

 Spells                   Type           Power      Damage    Failure   Level
 Inner Flame              Hex/Fire       2%         N/A       56%         3
 Portal Projectile        Hex/Tloc       4%         N/A       56%         3
 Cause Fear               Hex            2%         N/A       83%         4

Inventory:

Hand Weapons
 h - a +1 heavy sling (weapon)
Armour
 a - a +0 robe of cold resistance (worn)
 d - a +0 leather armour
Jewellery
 c - a ring of protection from cold
Scrolls
 f - a scroll of fog {unknown}
Potions
 b - a potion of mutation {unknown}
 e - a potion of heal wounds {unknown}
 g - a potion of resistance {unknown}

Dungeon Overview and Level Annotations

Branches:
Dungeon (3/15)

Altars:
Ashenzari

Annotations:
D:3 Ijyb


Message History

1738 ||| DROPPING +0 robe.
You drop a +0 robe.
Done exploring.
1739 ||| DROPPING ring of flight.
You drop a ring of flight.
Done exploring.
1740 ||| READING scroll labelled SAGIGH MAHER.
As you read the scroll labelled SAGIGH MAHER, it crumbles to dust.
It is a scroll of brand weapon.
Your +1 sling becomes incredibly heavy!
Y - a +1 heavy sling (weapon)
Done exploring.
1741 ||| READING scroll labelled SYINASH YLET.
As you read the scroll labelled SYINASH YLET, it crumbles to dust.
Magic quickly surges around you.
It was a scroll of vulnerability.
Done exploring.
(D) Dungeon
Where to? (* - list waypoints, Enter - D:2, ? - help)
What level of the Dungeon? (default 1, ? - help)
You feel your willpower return.
There is a stone staircase leading down here.
You climb downwards.
There is a stone staircase leading up here.
Waypoint 2 assigned to D:3.
c - a ring of protection from cold;
f - a scroll labelled HIMOSM RIOMEI Ijyb the Twisted Goblin comes into view.
She is wielding a +0 dagger and carrying a wand of flame (6).
Found 10 gold pieces.
Ijyb shouts!
You shoot a sling bullet. The sling bullet hits Ijyb.
Ijyb is moderately wounded.
Ijyb zaps a wand.
The puff of flame hits you!
You shoot a sling bullet. The sling bullet barely misses Ijyb.
A dart slug comes into view.
Ijyb zaps a wand.
The puff of flame hits you!
You shoot a sling bullet. The sling bullet closely misses Ijyb.
An endoplasm comes into view.
Ijyb zaps a wand.
The puff of flame hits you.
You shoot a sling bullet. The sling bullet closely misses Ijyb.
Ijyb barely misses you. You furiously retaliate!
You headbutt Ijyb!
A dart slug comes into view.
You shoot a sling bullet. The sling bullet barely misses Ijyb.
Ijyb hits you with a +0 dagger.
Ijyb zaps a wand.
The puff of flame hits you!
You die...

######### #..<....#
# #.#####.# ..
#.#####.#####.# #.$
#..........##.# w.
...####.##.##.###.#
#.##.....@gJ#
#.......###.#
######### .. .# #


You could see Ijyb, a dart slug and an endoplasm.

Vanquished Creatures
  Jessica (D:2)
  3 adders (D:2)
  2 worms (D:2)
  3 dart slugs
  2 ball pythons
  7 endoplasms
  A giant cockroach (D:2)
  4 goblins
  2 hobgoblins
  2 quokkas (D:2)
  A frilled lizard (D:2)
  4 kobolds (D:1)
  3 rats (D:2)
35 creatures vanquished.

Notes
Turn   | Place    | Note
-------+----------+-------------------------------------------
     0 | D:1      | qw the Minotaur Hexslinger began the quest for the Orb.
     0 | D:1      | Reached XP level 1. HP: 16/16 MP: 1/1
     0 | D:1      | 0 ||| qw: Version: 0.3-a-51-g015441d
     0 | D:1      | 0 ||| qw: Game counter: 4287
     0 | D:1      | 0 ||| qw: Melee chars always use a shield: true
     0 | D:1      | 0 ||| qw: God list: Okawaru
     0 | D:1      | 0 ||| qw: Allow faded altars: false
     0 | D:1      | 0 ||| qw: Do Orc after clearing Dungeon:15 true
     0 | D:1      | 0 ||| qw: Do second Lair branch before Depths: true
     0 | D:1      | 0 ||| qw: Lair rune preference: random
     0 | D:1      | 0 ||| qw: Goals: Normal
     0 | D:1      | 0 ||| PLANNING D:1-11
   224 | D:1      | Reached skill level 3 in Ranged Weapons
   266 | D:1      | Reached XP level 2. HP: 23/23 MP: 2/2
   734 | D:1      | 734 ||| READING scroll labelled PAZOWI RAAJ.
   735 | D:1      | 735 ||| READING scroll labelled NOOLUU XEIXKIKH.
   740 | D:1      | 740 ||| DROPPING scroll of poison.
   815 | D:2      | Noticed Jessica
   821 | D:2      | Killed Jessica
   822 | D:2      | Reached skill level 4 in Ranged Weapons
   822 | D:2      | Reached XP level 3. HP: 28/29 MP: 3/3
   869 | D:2      | Found a broken altar of Ashenzari.
  1081 | D:2      | Reached XP level 4. HP: 36/36 MP: 4/4
  1496 | D:2      | Reached skill level 5 in Ranged Weapons
  1728 | D:2      | 1728 ||| UPGRADING to +0 robe of cold resistance.
  1738 | D:2      | 1738 ||| DROPPING +0 robe.
  1739 | D:2      | 1739 ||| DROPPING ring of flight.
  1740 | D:2      | 1740 ||| READING scroll labelled SAGIGH MAHER.
  1741 | D:2      | 1741 ||| READING scroll labelled SYINASH YLET.
  1792 | D:3      | Noticed Ijyb
  1797 | D:3      | HP: 9/36 [Ijyb/+0 dagger (5)]
  1797 | D:3      | Killed from afar by Ijyb

Levels and vault maps discovered:
D:1:      minmay_arrival_solitary_statue, layout_loops_ring
D:2:      layout_basic, serial_forest, infiniplex_forest_straight_4,
          infiniplex_forest_lined_ring, infiniplex_forest_lined_2,
          infiniplex_forest_clump_small, infiniplex_forest_zigzag_1,
          infiniplex_forest_zigzag_1, infiniplex_forest_corner_1,
          infiniplex_forest_lined_room_2, basic_altar, minmay_unequal,
          uniq_jessica
D:3:      layout_loops_cross, chequers_serial_rivers_micro_d,
          kennysheep_generic_room_10, uniq_ijyb

Skill      XL: |  1  2  3  4 |
---------------+-------------+-----
Ranged Weapons | 3 4 5 |  5.0
Fighting       | 2 |  2.0
Dodging        | |  2.1
Spellcasting   | |  1.0
Hexes          | |  2.0

Action                     |  1- 3 |  4- 6 || total
---------------------------+-------+-------++-------
   Fire: Sling             |    80 |    36 ||   116
    Use: Scroll            |     2 |     2 ||     4
 Armour: Robe              |     2 |       ||     2
  Dodge: Dodged            |     8 |     8 ||    16

Table legend:
 A = Non-vault XP
 B = Vault XP
 C = Vault XP percentage of total XP
 D = Non-vault monster count
 E = Vault monster count
 F = Vault count percentage of total count
                 A         B        C        D         E       F
            +---------+---------+-------+---------+---------+-------
      Total |      94 |      49 |  34.3 |      31 |       4 |  11.4
            +---------+---------+-------+---------+---------+-------
        D:1 |      27 |       0 |   0.0 |      13 |       0 |   0.0
        D:2 |      67 |      49 |  42.2 |      18 |       4 |  18.2
            +---------+---------+-------+---------+---------+-------
